 Dungeon Crawl Stone Soup version 0.28.0-53-g5a82cb258f (webtiles) character file.

Game seed: 17602616440680730811

26815 purpskrrrp the Spear-Bearer (level 13, -1/92 HPs)
             Began as a Demonspawn Wanderer on June 23, 2022.
             Was a High Priest of Makhleb.
             Succumbed to Harold's poison
             ... on level 1 of the Lair of Beasts.
             The game lasted 01:17:55 (16189 turns).

purpskrrrp the Spear-Bearer (Demonspawn Wanderer)  Turns: 16189, Time: 01:17:55

Health: -1/92      AC: 12    Str: 23      XL:     13   Next: 1%
Magic:  13/13      EV: 15    Int:  8 (9)  God:    Makhleb [*****.]
Gold:   577        SH: 19    Dex: 14      Spells: 12/12 levels left

rFire   . . .      SeeInvis .   f - +11 mace of Mopsudia {freeze, Dex+2}
rCold   . . .      Faith    +   D - +2 kite shield
rNeg    . . .      Spirit   .   L - +1 acid dragon scales
rPois   .          Reflect  .   (helmet restricted)
rElec   .          Harm     .   (no cloak)
rCorr   +          Rampage  .   r - +0 pair of gloves
Will    .....      Rage     1%  c - +1 pair of boots
Stlth   ++........              h - amulet of faith
HPRegen 0.25/turn               v - +4 ring of evasion
MPRegen 0.13/turn               z - +4 ring of slaying

@: lethally poisoned (-1 -> -25), marked
A: antennae 2, large bone plates 3, demonic guardian 3, powered by pain 1,
berserk 1, frail 1
a: Renounce Religion, Minor Destruction, Lesser Servant of Makhleb, Major
Destruction, Greater Servant of Makhleb


You were on level 1 of the Lair of Beasts.
You worshipped Makhleb.
Makhleb was extremely pleased with you.
You visited 2 branches of the dungeon, and saw 15 of its levels.

You collected 698 gold pieces.
You spent 121 gold pieces at shops.

Inventory:

Hand Weapons
 e - the +10 bardiche of the Battered Beds {freeze, rCorr Int+5}
   (You acquired it on level 1 of the Dungeon)

   It freezes those it strikes, dealing additional cold damage.
   It can also slow down cold-blooded creatures.
   Int:       It affects your intelligence (+5).
   rCorr:     It protects you from acid and corrosion.
 f - the +11 mace of Mopsudia (weapon) {freeze, Dex+2}
   (You took it off a kobold on level 2 of the Dungeon)

   It freezes those it strikes, dealing additional cold damage.
   It can also slow down cold-blooded creatures.
   Dex:       It affects your dexterity (+2).
 N - a +0 club
Missiles
 d - 8 boomerangs (quivered)
 w - 13 javelins
 C - 3 curare-tipped darts
 G - 16 poisoned darts
Armour
 a - a +1 scale mail of poison resistance
 c - a +1 pair of boots (worn)
 n - a +1 plate armour
 r - a +0 pair of gloves (worn)
 A - an orb of wrath
 B - an orb of mayhem
 D - a +2 kite shield (worn)
 L - +1 acid dragon scales (worn)
Jewellery
 h - an amulet of faith (around neck)
 v - a +4 ring of evasion (left hand)
 y - a +4 ring of protection
 z - a +4 ring of slaying (right hand)
 M - a +6 ring of dexterity
Wands
 l - a wand of acid (3)
 s - a wand of charming (8)
 t - a wand of flame (34)
 J - a wand of mindburst (4)
Scrolls
 i - 3 scrolls of enchant weapon
 q - 2 scrolls of amnesia
 x - 2 scrolls of noise
 E - a scroll of vulnerability
 F - 5 scrolls of identify
 I - a scroll of magic mapping
 O - a scroll of enchant armour
 P - 2 scrolls of teleportation {unknown}
Potions
 b - a potion of brilliance
 g - 2 potions of invisibility
 j - a potion of attraction
 k - 3 potions of flight
 m - 2 potions of resistance
 o - a potion of ambrosia
 p - a potion of haste
 u - 2 potions of might
 H - a potion of lignification
Miscellaneous
 K - a box of beasts (inert)


   Skills:
 + Level 10.0 Fighting
 + Level 1.9(9.9) Axes
 + Level 2.0(2.4) Maces & Flails
 + Level 14.8(14.9) Polearms
 + Level 3.1 Throwing
 + Level 7.5 Armour
 + Level 4.0 Dodging
 + Level 2.5 Stealth
 + Level 5.7 Shields
 + Level 1.3 Invocations


You had 12 spell levels left.
You didn't know any spells.
Your spell library contained the following spells:

 Spells                   Type           Power      Damage    Failure   Level
 Summon Small Mammal      Summ           0%         N/A       82%         1
 Sublimation of Blood     Necr           0%         N/A       91%         2
 Wereblood                Tmut           0%         N/A       91%         2
 Call Canine Familiar     Summ           0%         N/A       99%         3
 Summon Guardian Golem    Hex/Summ       0%         N/A       99%         3
 Summon Hydra             Summ           0%         N/A       100%        7
 Chain Lightning          Conj/Air       0%         N/A       100%        9
 Fire Storm               Conj/Fire      0%         5d1       100%        9
 Shatter                  Erth           0%         3d5*      100%        9


Dungeon Overview and Level Annotations

Branches:
Dungeon (14/15)            Temple (0/1) D:5            Lair (1/6) D:8
    Orc (0/2) D:12
 Vaults: D:13-14

Altars:
Cheibriados
Fedhas
Gozag
Hepliaklqana
Kikubaaqudgha
Makhleb
Nemelex Xobeh
Okawaru
Qazlal
Trog
Vehumet
Xom
Zin
The Shining One

Shops:
D:4 =   D:8 *[(((

Annotations:
Lair:1 Harold


Innate Abilities, Weirdness & Mutations

You have a pair of antennae on your head.
You are completely covered in large bone plates. (SH +8)
A powerful demonic guardian rushes to your aid.
You sometimes gain a little power by taking damage.
You tend to lose your temper in combat.
You are frail. (-10% HP)


Message History

You are more poisoned.
Harold hits you with a +1 glaive of venom!
You are more poisoned.
You hit Harold. You freeze Harold.
Harold is heavily wounded.
* * * LOW HITPOINT WARNING * * *
You feel extremely sick. Harold gestures at you while chanting.
The mark upon you grows brighter.
You open the lid... ...and a larval oxfire beast leaps out!
The box is emptied!
* * * LOW HITPOINT WARNING * * *
You feel very sick. You block Harold's attack.
Keep disrobing? [Y]es or [N]o only, please.
Keep disrobing?
* * * LOW HITPOINT WARNING * * *
You feel very sick. You block Harold's attack.
You start removing your armour.
You continue taking off your +2 kite shield.
* * * LOW HITPOINT WARNING * * *
You feel very sick. Harold hits you but does no damage.
You continue taking off your +2 kite shield.
* * * LOW HITPOINT WARNING * * *
You feel very sick.
Your larval oxfire beast hits Harold.
Your larval oxfire beast tramples Harold but does no damage.
You block Harold's attack.
You continue taking off your +2 kite shield.
You feel sick.
Your larval oxfire beast breathes flames at Harold.
The blast of flame misses Harold.
Harold hits you with a +1 glaive of venom.
* * * LOW HITPOINT WARNING * * *
A demonic guardian appears!
You are more poisoned.
You continue taking off your +2 kite shield.
You die...

#.........###..........
#..........############
##..<........##
#P............#
##......S.....##
##.............#
#....3.........#
##...............#
#....H@.........#
#....@..........#
#...............#
#...............#
#/...............
#P...............
##..............
.....#.......#


You could see Harold (ally target), a water moccasin (ally target), a friendly
larval oxfire beast (summoned, catching breath) and a friendly smoke demon
(summoned).

Vanquished Creatures
  2 hydras
  A centaur warrior (D:13)
  The ghost of trickyswaf the Cleaver, a novice MiFi of Yredelemnul (D:8)
  2 two-headed ogres
  A dancing weapon (D:8)
  A tengu warrior (D:13)
  Urug (D:13)
  A death yak (D:8)
  An orc knight (D:13)
  3 cyclopes
  5 manticores
  2 gargoyles
  Maggie (D:6)
  4 cane toads (Lair:1)
  A komodo dragon (D:10)
  4 kobold demonologists
  An unseen horror (D:12)
  An efreet (D:13)
  A freezing wraith (D:13)
  5 trolls
  A meliai zombie (D:10)
  A vampire (D:8)
  A spriggan (shapeshifter) (D:13)
  A wyvern (D:8)
  A water elemental (D:13)
  16 yaks
  2 wraiths
  A basilisk (Lair:1)
  A steam dragon (D:7)
  2 neqoxecs (D:11)
  5 vampire mosquitoes
  2 acid dragons (D:12)
  3 water moccasins (Lair:1)
  2 black bears (D:8)
  10 orc warriors
  A black bear (shapeshifter) (D:13)
  2 ice beasts (D:6)
  A necrophage (D:7)
  4 ogres
  9 centaurs
  A boggart (D:14)
  A phantom (D:5)
  2 kobold brigands
  2 scorpions
  2 bullfrogs (Lair:1)
  2 wyvern zombies
  A gnoll sergeant (D:7)
  A wyvern skeleton (D:7)
  A water moccasin skeleton (D:6)
  7 killer bees
  4 wights (D:8)
  5 howler monkeys
  2 electric eels
  4 centaur zombies
  3 hounds
  7 orc priests
  2 jellies
  3 iron imps (D:3)
  2 centaur skeletons
  3 iguanas
  7 orc wizards
  A statue (D:5)
  3 howler monkey zombies
  5 adders
  3 gnolls (D:7)
  An ufetubus (D:5)
  7 worms
  3 dart slugs
  34 orcs
  6 ball pythons
  5 bats
  6 endoplasms
  3 giant cockroaches
  4 goblins
  A hobgoblin (D:1)
  2 quokkas
  A frilled lizard (D:1)
  13 kobolds
  9 rats
274 creatures vanquished.

Vanquished Creatures (collateral kills)
  The ghost of hawla the Frost Mage, a journeyman DrCj of Jiyva (D:11)
  A tengu warrior (D:11)
  2 yaks (D:9)
  A neqoxec (D:11)
  A boggart (D:14)
  3 killer bees
  2 quasits (D:11)
  A gnoll (D:7)
  An orc (D:12)
  2 kobolds (D:7)
15 creatures vanquished.

Vanquished Creatures (others)
  An orc wizard (D:12)
  3 fungi
  5 plants
9 creatures vanquished.

Grand Total: 298 creatures vanquished

Notes
Turn   | Place    | Note
-------+----------+-------------------------------------------
     0 | D:1      | purpskrrrp the Demonspawn Wanderer began the quest for the
                  | Orb.
     0 | D:1      | purpskrrrp set off with the following items: a +0 trident,
                  | a +0 hand axe, a +0 ring mail
     0 | D:1      | Reached XP level 1. HP: 19/19 MP: 1/1
   358 | D:1      | Gained mutation: You are partially covered in large bone
                  | plates. (SH +4) [demonic ancestry]
   358 | D:1      | Reached XP level 2. HP: 23/25 MP: 2/2
   852 | D:1      | Reached skill level 3 in Polearms
  1065 | D:1      | Identified a scroll of acquirement
  1065 | D:1      | Acquired the +10 bardiche of the Battered Beds {freeze,
                  | rCorr Int+5}
  1259 | D:2      | Noticed a howler monkey
  1268 | D:2      | Killed a howler monkey
  1269 | D:2      | Gained mutation: A weak demonic guardian rushes to your
                  | aid. [demonic ancestry]
  1269 | D:2      | Reached XP level 3. HP: 19/31 MP: 3/3
  1271 | D:2      | Gained mutation: You have a pair of small antennae on your
                  | head. [demonic ancestry]
  1271 | D:2      | Reached XP level 4. HP: 20/38 MP: 4/4
  1485 | D:2      | Identified the +11 mace of Mopsudia {freeze, Dex+2}
  2384 | D:2      | Gained mutation: You sometimes gain a little power by
                  | taking damage. [demonic ancestry]
  2384 | D:2      | Reached XP level 5. HP: 37/43 MP: 5/5
  2423 | D:2      | Reached skill level 4 in Polearms
  2688 | D:3      | Reached skill level 1 in Dodging
  2693 | D:3      | Reached skill level 1 in Shields
  3037 | D:3      | Found a faded altar of an unknown god.
  3227 | D:3      | Found a burning altar of Makhleb.
  3261 | D:3      | Gained mutation: You are mostly covered in large bone
                  | plates. (SH +6) [demonic ancestry]
  3261 | D:3      | Reached XP level 6. HP: 43/50 MP: 6/6
  3324 | D:3      | Became a worshipper of Makhleb the Destroyer
  3476 | D:4      | Reached skill level 5 in Polearms
  3535 | D:4      | Reached skill level 5 in Fighting
  3559 | D:4      | Gained mutation: A demonic guardian rushes to your aid.
                  | [demonic ancestry]
  3559 | D:4      | Reached XP level 7. HP: 34/56 MP: 7/7
  4091 | D:4      | Found Iqyps's Jewellery Shoppe.
  4128 | D:4      | Found a stormy altar of Qazlal.
  4308 | D:5      | Entered Level 5 of the Dungeon
  4330 | D:5      | Reached skill level 6 in Polearms
  4614 | D:5      | Found a radiant altar of Vehumet.
  4879 | D:5      | Found a snail-covered altar of Cheibriados.
  5126 | D:5      | Found a staircase to the Ecumenical Temple.
  5363 | D:6      | Noticed Maggie
  5369 | D:6      | Killed Maggie
  5370 | D:6      | Reached skill level 7 in Polearms
  5370 | D:6      | Reached skill level 1 in Stealth
  5370 | D:6      | Reached XP level 8. HP: 41/63 MP: 8/8
  5505 | D:6      | Reached * piety under Makhleb
  5756 | D:6      | Found a blossoming altar of Fedhas.
  5798 | D:6      | Found an ancient bone altar of Kikubaaqudgha.
  5873 | D:6      | Reached skill level 8 in Polearms
  6211 | D:7      | Noticed a two-headed ogre
  6218 | D:7      | Killed a two-headed ogre
  6219 | D:7      | Gained mutation: A powerful demonic guardian rushes to your
                  | aid. [demonic ancestry]
  6219 | D:7      | Reached XP level 9. HP: 27/69 MP: 9/9
  6226 | D:7      | Reached skill level 9 in Polearms
  6467 | D:7      | Found an opulent altar of Gozag.
  6586 | D:7      | Found an iron altar of Okawaru.
  7030 | D:7      | Reached ** piety under Makhleb
  7222 | D:8      | Found a sparkling altar of Nemelex Xobeh.
  7262 | D:8      | Reached skill level 10 in Polearms
  7264 | D:8      | Noticed a two-headed ogre
  7272 | D:8      | Killed a two-headed ogre
  7273 | D:8      | Reached skill level 5 in Armour
  7277 | D:8      | Reached XP level 10. HP: 33/77 MP: 10/10
  7533 | D:8      | Found Sefak's Weapon Shoppe.
  7545 | D:8      | Found a staircase to the Lair.
  7545 | D:8      | Noticed a death yak
  7558 | D:8      | Killed a death yak
  7559 | D:8      | Reached skill level 11 in Polearms
  7872 | D:8      | Found a runed translucent door.
  7873 | D:8      | Found a shimmering altar of Xom.
  7873 | D:8      | Noticed trickyswaf's ghost (novice MiFi)
  7873 | D:8      | Noticed a +2 whip of chaos
  7885 | D:8      | Found Giaj's Antique Weapon Emporium.
  7902 | D:8      | Reached *** piety under Makhleb
  7954 | D:8      | Found Ymaebah's Antique Weapon Boutique.
  8021 | D:8      | Found Zievits's Antique Armour Emporium.
  8057 | D:8      | Found Wymnist's General Store.
  8065 | D:8      | Bought a wand of charming (6) for 88 gold pieces
  8065 | D:8      | Bought 5 curare-tipped darts for 33 gold pieces
  8126 | D:8      | Killed a +2 whip of chaos
  8133 | D:8      | HP: 4/80 [trickyswaf's ghost (15)]
  8136 | D:8      | Killed trickyswaf's ghost
  8270 | D:9      | Reached skill level 12 in Polearms
  8456 | D:9      | Found a bloodstained altar of Trog.
  8655 | D:9      | Reached XP level 11. HP: 86/86 MP: 11/11
  8957 | D:9      | Found a hazy altar of Hepliaklqana.
  9306 | D:10     | Entered Level 10 of the Dungeon
  9601 | D:10     | Reached skill level 1 in Throwing
 10725 | D:11     | Found a shimmering altar of Xom.
 10786 | D:11     | Noticed a tengu warrior
 10813 | D:11     | Killed a tengu warrior
 11085 | D:11     | Found a transporter.
 11211 | D:11     | You fall into a shaft and drop 1 floor!
 11268 | D:12     | Reached skill level 13 in Polearms
 11636 | D:12     | Reached **** piety under Makhleb
 12119 | D:12     | Found a staircase to the Orcish Mines.
 12291 | D:13     | Gained mutation: You are completely covered in large bone
                  | plates. (SH +8) [demonic ancestry]
 12291 | D:13     | Reached XP level 12. HP: 90/95 MP: 12/12
 12742 | D:13     | Noticed a centaur warrior
 12745 | D:13     | Reached skill level 14 in Polearms
 12747 | D:13     | Killed a centaur warrior
 12968 | D:13     | Noticed a four-headed hydra
 12976 | D:13     | Killed a four-headed hydra
 12976 | D:13     | Noticed Urug
 13006 | D:13     | Killed Urug
 13174 | D:13     | Reached ***** piety under Makhleb
 13192 | D:13     | Noticed a tengu warrior
 13196 | D:13     | Killed a tengu warrior
 13197 | D:13     | Reached skill level 1 in Maces & Flails
 13292 | D:14     | Noticed a death knight
 13670 | D:13     | Reached skill level 5 in Shields
 13973 | D:14     | Noticed a centaur warrior
 13973 | D:14     | Noticed a centaur warrior
 13977 | D:14     | Noticed a two-headed ogre
 13978 | D:14     | Noticed an eight-headed hydra
 13979 | D:14     | Noticed a centaur warrior
 13980 | D:14     | Noticed a centaur warrior
 14366 | D:11     | Noticed hawla's ghost (journeyman DrCj)
 14514 | D:11     | Found a transporter.
 14712 | D:11     | Gained mutation: You are frail. (-10% HP) [a neqoxec]
 14715 | D:11     | Killed hawla's ghost
 14717 | D:11     | Gained mutation: You tend to lose your temper in combat. [a
                  | neqoxec]
 15045 | Lair:1   | Entered Level 1 of the Lair of Beasts
 15445 | Lair:1   | Reached skill level 1 in Invocations
 15567 | Lair:1   | Noticed a six-headed hydra
 15581 | Lair:1   | Killed a six-headed hydra
 15757 | Lair:1   | Reached skill level 10 in Fighting
 15761 | Lair:1   | Gained mutation: You have a pair of antennae on your head.
                  | [demonic ancestry]
 15761 | Lair:1   | Reached XP level 13. HP: 92/92 MP: 13/13
 16174 | Lair:1   | Noticed Harold
 16189 | Lair:1   | Succumbed to Harold's poison

Illustrated notes

Levels and vault maps discovered:
D:1:      lemuel_arrival_rhombus, layout_basic
D:2:      layout_basic, st_stairs_7, wad_floor_pattern_1,
          kennysheep_another_room, minmay_cupped
D:3:      layout_rooms, demons_altar, basic_ecumenical_altar,
          chequers_serial_rivers_marsh
D:4:      layout_gridville, mainiacjoe_overflow_catwalk,
          amcnicky_mini_corridor_feature, minmay_misc_feat_roman,
          nicolae_take_the_stairs, wad_orctagon
D:5:      layout_basic, vehumet_statue, cheibriados_altar_1,
          lemuel_temple_firewalk_b
D:6:      layout_rooms, lemuel_tele_altar, mainiacjoe_overflow_alcove_1,
          uniq_maggie
D:7:      layout_rooms, overflow_temple_1_default, marbit_many_paths,
          serial_corexii_hall, corexii_hall_statues_t,
          chequers_hall_statues_corner_a
D:8:      layout_rooms, nemelex_spade_bored_becter, david_lair_generic,
          ebering_ghost_xom, serial_shops, nicolae_shop_window_shopping,
          nicolae_diamond_shop, kennysheep_mini_moat, shop_fountains, shop
D:9:      layout_gridville, trog_book, nicolae_overflow_squiral
D:10:     layout_cross, mainiacjoe_overflow_24_doors
D:11:     layout_rooms, gammafunk_ghost_stat_death, brannock_xom_greatest_gift
D:12:     layout_roguey, david_orc_4
D:13:     layout_roguey, special_room [special_room_orc], uniq_urug
D:14:     layout_basic, ximxim_vaults_locker_room, glass_columns_b
Lair:1:   layout_cave_pods, grunt_megastairs_2, uniq_harold

Skill      XL: |  1  2  3  4  5  6  7  8  9 10 11 12 13 |
---------------+----------------------------------------+-----
Polearms       | 3 4 5 7 8 10 12 13 14 | 14.8
Armour         | 2 3 4 5 6 7 |  7.5
Dodging        | 1 2 4 |  4.0
Shields        | 1 2 3 4 5 |  5.7
Fighting       | 5 6 8 9 10 | 10.0
Stealth        | 1 2 |  2.5
Throwing       | 2 3 |  3.1
Maces & Flails | 1 2 |  2.0
Invocations    | 1 |  1.3
Axes           | |  1.9

Action                   |  1- 3 |  4- 6 |  7- 9 | 10-12 | 13-15 || total
-------------------------+-------+-------+-------+-------+-------++-------
Melee: Trident           |    71 |       |       |       |       ||    71
       Bardiche          |     8 |    91 |   148 |   327 |       ||   574
       Mace              |       |       |       |    31 |     7 ||    38
Throw: Boomerang         |       |     9 |       |    21 |       ||    30
       Javelin           |       |       |     3 |       |       ||     3
       Dart              |       |       |       |    11 |       ||    11
Invok: Lesser Servant of |       |       |       |     3 |       ||     3
Evoke: Box of beasts     |       |       |       |       |     1 ||     1
  Use: Scroll            |     4 |     7 |     4 |    12 |       ||    27
       Potion            |       |       |     2 |    13 |       ||    15
 Stab: Distracted        |       |       |       |     1 |       ||     1
Armor: Ring mail         |    41 |    34 |     8 |       |       ||    83
       Plate armour      |       |       |    60 |    57 |       ||   117
       Scale mail        |       |       |       |    36 |       ||    36
       Acid dragon scale |       |       |       |    50 |     1 ||    51
Dodge: Dodged            |    48 |    42 |    89 |   249 |     1 ||   429
Block: Other             |    14 |     9 |    56 |   148 |       ||   227
       Kite shield       |       |       |       |    25 |     7 ||    32
